 Dungeon Crawl Stone Soup version 0.28-a0-1613-gdaab1c2f9b (webtiles) character file.

Game seed: 1797836988533155329

2655 kae the Ruffian (level 9, -7/86 HPs)
             Began as a Green Draconian Transmuter on Jan 21, 2022.
             Mangled by a two-headed ogre (8 damage)
             ... on level 7 of the Dungeon.
             The game lasted 00:06:23 (7547 turns).

kae the Ruffian (Green Draconian Transmuter)        Turns: 7547, Time: 00:06:24

Health: -7/86      AC:  7    Str: 15    XL:     9   Next: 36%
Magic:  0/15       EV: 11    Int: 16    God:
Gold:   1029       SH:  0    Dex: 11    Spells: 9/17 levels left

rFire   x . .      SeeInvis .     - Unarmed
rCold   + + +      Faith    .   (shield currently unavailable)
rNeg    . . .      Spirit   +   (armour unavailable)
rPois   +          Reflect  .   (helmet currently unavailable)
rElec   .          Harm     .   (cloak currently unavailable)
rCorr   .          Rampage  .   (gloves currently unavailable)
Will    .....                   (boots currently unavailable)
Stlth   +.........              j - amulet of guardian spirit
HPRegen 0.24/turn               (no ring)
MPRegen 0.14/turn               (no ring)

@: ice-form
A: freezing attack, amphibious, boosted hp, (breathe noxious fumes), AC +7,
large, unfitting armour, (poison resistance), (cold-blooded)
a: End Transformation


You were on level 7 of the Dungeon.
You were a creature of crystalline ice.
You visited 1 branch of the dungeon, and saw 7 of its levels.
You also visited: Ossuary.

You collected 1029 gold pieces.

Inventory:

Jewellery
 g - an amulet of magic regeneration
 j - an amulet of guardian spirit (around neck)
Wands
 a - a wand of charming (9)
 h - a wand of flame (17)
Scrolls
 e - 2 scrolls of holy word
 k - a scroll of amnesia
Potions
 b - 2 potions of flight
 c - a potion of lignification
 d - 2 potions of mutation
 f - a potion of cancellation
 i - a potion of attraction
 m - 2 potions of might
 n - a potion of curing
 o - a potion of heal wounds {unknown}
 q - a potion of ambrosia {unknown}


   Skills:
 + Level 4.6 Fighting
 + Level 4.3 Dodging
 * Level 6.7 Unarmed Combat
 + Level 4.5 Spellcasting
 * Level 6.3 Transmutations
 - Level 5.0 Ice Magic
 - Level 2.4 Poison Magic


You had 9 spell levels left.
You knew the following spells:

 Your Spells              Type           Power      Damage    Failure   Level
a - Beastly Appendage     Tmut           48%        N/A       1%          1
b - Spider Form           Tmut/Pois      17%        N/A       8%          3
c - Ice Form              Ice/Tmut       21%        N/A       16%         4

Your spell library contained the following spells:

 Spells                   Type           Power      Damage    Failure   Level
 Wereblood                Tmut           24%        N/A       1%          2
 Animate Skeleton         Necr           6%         N/A       16%         1
 Apportation              Tloc           6%         N/A       16%         1
 Summon Small Mammal      Summ           12%        N/A       16%         1
 Inner Flame              Hex/Fire       3%         N/A       43%         3
 Cause Fear               Hex            1%         N/A       85%         4
 Discord                  Hex            1%         N/A       100%        8
 Necromutation            Tmut/Necr      6%         N/A       100%        8


Dungeon Overview and Level Annotations

Branches:
Dungeon (7/15)            Ossuary (visited)
 Temple: D:4-7

Altars:
Fedhas
Gozag
Okawaru
Xom

Shops:
D:4 [


Innate Abilities, Weirdness & Mutations

You are a creature of crystalline ice.
You have a powerful freezing melee attack.
You are amphibious.
Your maximum health is increased.
Your armour is entirely melded.
You are incapable of wielding weapons or throwing items.
((You can breathe blasts of noxious fumes.))
((Your lurid green scales are hard. (AC +7)))
You cannot fit into any form of body armour.
((Your system is resistant to poisons. (rPois)))
((You are cold-blooded and may be slowed by cold attacks.))


Message History

You warm up again.
Aiming: Breathe Noxious Fumes (4% risk of failure)
Press: ? - help, Shift-Dir - straight line, f - two-headed ogre
Aim: a two-headed ogre, wielding two +0 giant clubs (81% to hit)
You exhale a blast of noxious fumes.
The blast of choking fumes hits the two-headed ogre.
The two-headed ogre is lightly wounded.
The two-headed ogre is engulfed in noxious fumes.
Casting: Ice Form (dangerous; 16% risk of failure)
Confirm with . or Enter, or press ? or * to list all spells.
You turn into a creature of crystalline ice.
The two-headed ogre is engulfed in noxious fumes.
The two-headed ogre barely misses you.
The two-headed ogre hits you with a +0 giant club!
The two-headed ogre is engulfed in noxious fumes.
The two-headed ogre hits you with a +0 giant club!!
The two-headed ogre misses you.
You punch the two-headed ogre! You freeze the two-headed ogre.
The two-headed ogre is moderately wounded.
The two-headed ogre hits you with a +0 giant club! x2
You hit the two-headed ogre. You freeze the two-headed ogre.
The two-headed ogre is heavily wounded.
You punch the two-headed ogre! You freeze the two-headed ogre.
The two-headed ogre is heavily wounded.
The two-headed ogre barely misses you.
The two-headed ogre hits you with a +0 giant club!
* * * LOW HITPOINT WARNING * * *
You hit the two-headed ogre. You freeze the two-headed ogre.
The two-headed ogre is heavily wounded.
The two-headed ogre hits you with a +0 giant club!!
* * * LOW HITPOINT WARNING * * *
The two-headed ogre hits you with a +0 giant club.
* * * LOW HITPOINT WARNING * * *
You punch the two-headed ogre! You freeze the two-headed ogre.
The two-headed ogre is almost dead.
You completely miss the two-headed ogre.
The two-headed ogre is almost dead.
You have got your breath back.
The two-headed ogre hits you with a +0 giant club!
You die...

...######...#####
.................
......⌠.#.8.#.⌠..
.................
...######...#####
.. #...........#
#.<.#...#.<.#
#....O......#
#####Y#.#####
#...# #.<.# #...#
#####


You could see a two-headed ogre.

Vanquished Creatures
  A two-headed ogre (D:6)
  4 centaur zombies
  Prince Ribbit (D:5)
  Eustachio (D:5)
  An orc warrior (D:6)
  A sky beast (D:6)
  A black bear (D:4)
  2 ogres
  2 centaurs
  A bullfrog (D:6)
  A water moccasin zombie (D:6)
  A scorpion (D:4)
  A bullfrog zombie (D:6)
  A centaur skeleton (D:6)
  A bullfrog skeleton (D:4)
  A human zombie (Ossuary)
  2 jellies
  5 iguanas
  An orc wizard (D:6)
  2 hound zombies (D:5)
  3 mummies (Ossuary)
  2 adders (D:4)
  A shadow imp (D:5)
  2 adder skeletons (D:4)
  4 worms
  5 dart slugs
  5 orcs
  4 endoplasms
  A giant cockroach (D:1)
  A gnoll zombie (Ossuary)
  4 goblins
  9 hobgoblins
  5 jackals
  4 quokkas
  9 ball pythons
  A bat (D:1)
  A frilled lizard (D:3)
  3 goblin zombies
  8 kobolds
  A kobold zombie (Ossuary)
  An orc zombie (Ossuary)
  4 rats
  A rat zombie (D:6)
110 creatures vanquished.

Notes
Turn   | Place    | Note
-------+----------+-------------------------------------------
     0 | D:1      | kae the Draconian Transmuter began the quest for the Orb.
     0 | D:1      | Reached XP level 1. HP: 16/16 MP: 3/3
   146 | D:1      | Found a faded altar of an unknown god.
   189 | D:1      | Reached XP level 2. HP: 1/23 MP: 3/5
  1127 | D:2      | Reached XP level 3. HP: 27/28 MP: 4/6
  1131 | D:2      | Learned a level 3 spell: Spider Form
  1350 | D:2      | Found an iron altar of Okawaru.
  1785 | D:2      | Identified the +5 ring mail of Grottiness {Str+2 Dex-3
                  | Stlth+}
  1936 | D:2      | Identified a scroll of acquirement
  1936 | D:2      | Acquired 799 gold pieces
  2106 | D:3      | Got the Almanac of the Monkey's Uncle
  2486 | D:3      | Reached XP level 4. HP: 30/36 MP: 5/7
  2637 | D:3      | Found a shimmering altar of Xom.
  2637 | D:3      | Found an opulent altar of Gozag.
  2638 | D:3      | Found a blossoming altar of Fedhas.
  2782 | D:4      | Reached skill level 1 in Poison Magic
  3078 | D:4      | Reached XP level 5. HP: 37/41 MP: 6/8
  3083 | D:4      | Learned a level 4 spell: Ice Form
  3159 | D:4      | Found Leedd's Antique Armour Boutique.
  3364 | D:4      | Noticed a centaur
  3375 | D:4      | HP: 1/41 [centaur (4)]
  3376 | D:4      | Killed a centaur
  3377 | D:4      | Reached skill level 1 in Ice Magic
  3757 | D:4      | Noticed a black bear
  3778 | D:4      | Killed a black bear
  3779 | D:4      | Reached XP level 6. HP: 19/50 MP: 3/10
  4534 | D:5      | Entered Level 5 of the Dungeon
  4546 | D:5      | Noticed Eustachio
  4567 | D:5      | Killed Eustachio
  4568 | D:5      | Your scales start taking on a lurid green colour.
  4568 | D:5      | Reached XP level 7. HP: 45/56 MP: 8/11
  4568 | D:5      | Gained mutation: Your system is resistant to poisons.
                  | (rPois) [Green Draconian growth]
  4784 | D:5      | Noticed Prince Ribbit
  4803 | D:5      | Killed Prince Ribbit
  4804 | D:5      | Reached skill level 5 in Unarmed Combat
  5472 | D:5      | Found an iron altar of Okawaru.
  5720 | D:6      | Reached XP level 8. HP: 63/63 MP: 8/12
  5953 | D:6      | Reached skill level 5 in Transmutations
  6137 | D:6      | Noticed a two-headed ogre
  6279 | D:6      | Found a sand-covered staircase.
  6286 | Ossuary  | Entered an ossuary
  7169 | D:6      | Reached XP level 9. HP: 58/71 MP: 9/14
  7370 | D:6      | Killed a two-headed ogre
  7371 | D:6      | Reached skill level 5 in Ice Magic
  7529 | D:7      | Noticed a two-headed ogre
  7545 | D:7      | HP: 4/86 [two-headed ogre (18)]
  7545 | D:7      | HP: 1/86 [two-headed ogre (3)]
  7547 | D:7      | Mangled by a two-headed ogre

Illustrated notes

Levels and vault maps discovered:
D:1:      saegor_arrival_miasma, layout_basic,
          ebering_ecumenical_altar_abandoned
D:2:      layout_loops_cross, basic_altar
D:3:      layout_basic, gammafunk_temple_overflow_claw
D:4:      kennysheep_spiral_hall, layout_basic, serial_shops, shop
D:5:      layout_basic, lemuel_tele_altar, item_on_display_a,
          uniq_crazy_yiuf_cottage, uniq_prince_ribbit1, uniq_eustachio
D:6:      layout_rooms, enter_ossuary_4
D:7:      layout_rooms, minmay_temple_entry_antechambers,
          nicolae_elevator_lobby_plus

Skill      XL: |  1  2  3  4  5  6  7  8  9 |
---------------+----------------------------+-----
Dodging        | 2 3 4 |  4.3
Poison Magic   | 1 2 |  2.4
Transmutations | 3 4 5 6 |  6.3
Fighting       | 2 3 4 |  4.6
Unarmed Combat | 4 5 6 |  6.7
Ice Magic      | 1 2 3 4 5 |  5.0
Spellcasting   | 3 4 |  4.5

Action                   |  1- 3 |  4- 6 |  7- 9 || total
-------------------------+-------+-------+-------++-------
Melee: Unarmed           |   111 |    93 |   183 ||   387
       Kick              |    22 |    11 |       ||    33
       Tailslap          |     9 |     6 |     2 ||    17
       Headbutt          |    11 |    12 |       ||    23
       Punch             |     6 |     2 |     1 ||     9
 Cast: Beastly Appendage |    33 |    13 |       ||    46
       Spider Form       |       |     3 |     9 ||    12
       Ice Form          |       |     2 |    14 ||    16
 Abil: Breathe Noxious F |       |       |     5 ||     5
       End Transformatio |       |       |     1 ||     1
Evoke: Wand              |       |       |     1 ||     1
  Use: Scroll            |     5 |     6 |     4 ||    15
       Potion            |       |       |     2 ||     2
 Stab: Confused          |       |       |     3 ||     3
Armor: Skin              |    27 |    27 |    47 ||   101
Dodge: Dodged            |    83 |    86 |   113 ||   282

Table legend: (Time is in decaauts)
 A = Elapsed time spent in this place.
 B = Non-inter-level travel time spent in this place.
 C = Inter-level travel time spent in this place.
 D = Time resting spent in this place.
 E = Time spent auto-exploring this place.
 F = Levels seen in this place.
 G = Mean time per level.
                   A        B        C        D        E       F      G
               +--------+--------+--------+--------+--------+-----+--------+
         Total |   7513 |   7325 |    188 |    245 |   5907 |   8 |  939.1 |
       Dungeon |   6950 |   6762 |    188 |     30 |   5715 |   7 |  992.9 |
       Ossuary |    563 |    563 |      0 |    215 |    192 |   1 |  563.0 |
               +--------+--------+--------+--------+--------+-----+--------+

Top non-repeatable levels by time:
     D:4: 1763 daAuts
     D:5: 1197 daAuts
     D:6: 1180 daAuts
     D:1: 1111 daAuts
     D:2: 857 daAuts
     D:3: 787 daAuts
 Ossuary: 563 daAuts
     D:7: 52 daAuts
